 Dungeon Crawl Stone Soup version 0.20-a0-941-gba1b1f9 (webtiles) character file.

34 winWinterter the Slasher (level 3, 15/27 HPs)
             Began as a Demonspawn Gladiator on Mar 31, 2017.
             Got out of the dungeon alive.
             The game lasted 00:01:14 (782 turns).

winWinterter the Slasher (Demonspawn Gladiator)      Turns: 782, Time: 00:01:15

Health: 15/27      AC:  8    Str: 14    XL:     3   Next: 14%
Magic:  12/12      EV: 10    Int:  9    God:
Gold:   51         SH:  0    Dex: 15    Spells: 2/2 levels left

rFire    . . .     SeeInvis .   a - +0 long sword
rCold    . . .     Gourm    .   (no shield)
rNeg     . . .     Faith    .   n - -1 scale mail (curse)
rPois    .         Spirit   .   c - +0 helmet
rElec    .         Reflect  .   (no cloak)
rCorr    .         Harm     .   (no gloves)
MR       .....                  (no boots)
Stlth    ..........             (no amulet)
Regen    0.1/turn               i - ring of magical power
MPRegen  0.2/turn               k - +2 ring of protection

@: no status effects
A: hooves 2
a: no special abilities


You escaped.
You were not hungry.

You visited 1 branch of the dungeon, and saw 2 of its levels.

You collected 51 gold pieces.

Inventory:

Hand Weapons
 a - a +0 long sword (weapon)
Missiles
 d - 5 throwing nets (quivered)
Armour
 b - a +0 leather armour
 c - a +0 helmet (worn)
 n - a cursed -1 scale mail (worn)
Jewellery
 i - a ring of magical power (left hand)
 k - a +2 ring of protection (right hand)
Scrolls
 h - 2 scrolls of identify {unknown}
Potions
 e - 2 potions of haste {unknown}
 j - a potion of agility
 l - a potion of berserk rage {unknown}
 m - a potion of flight {unknown}
Comestibles
 f - 2 bread rations
 g - a meat ration


   Skills:
 + Level 2.2 Fighting
 * Level 3.4 Long Blades
 + Level 2.0 Throwing
 + Level 3.0 Dodging


You had 2 spell levels left.
You didn't know any spells.

Dungeon Overview and Level Annotations

Branches:
Dungeon (2/15)

Altars:


Innate Abilities, Weirdness & Mutations

You have hoof-like feet.


Message History

You feel agile.
Your demonic ancestry asserts itself...
Your feet thicken and deform.
You feel sick.
You feel sick.
There is a stone staircase leading up here.
Unknown command.
You climb upwards.
You feel sick.
There is a stone staircase leading down here.
You feel sick.
You feel sick.
You feel sick.
You feel sick.
You are no longer poisoned.
You see here a club.
You open the door.
There is an open door here.
There is an open door here.
There is a staircase leading out of the dungeon here.
Are you sure you want to leave the Dungeon?
This will make you lose the game!
You have escaped!

..##..................##.##.#.#.#
......................##'##'#.#.#
...............###............#.#
...............# #............#.#
..............## #............#.#
##........###.#####'####+##+#.#.#
.#........# ####.##.## #.##.#.#.#
.#........# #P≈.♣#..###.##.#.#.#
..........# #P≈@.'...........#.#
(..÷......# #P≈.♣#.........###.#
...)......######.##.........'...#
..........+....####.........#####
..).......####.####.........#
.............#.##......#'####
...............##......#.#
........#......##......#.#
........#......##..).....#


There were no monsters in sight!

Vanquished Creatures
  An adder (D:2)
  A dart slug (D:1)
  A leopard gecko (D:1)
  4 goblins (D:1)
  4 hobgoblins
  2 jackals (D:1)
  3 bats (D:1)
  2 frilled lizards (D:1)
  2 kobolds (D:1)
  2 rats (D:1)
22 creatures vanquished.

Notes
Turn   | Place    | Note
-------+----------+-------------------------------------------
     0 | D:1      | winWinterter the Demonspawn Gladiator began the quest for the Orb.
     0 | D:1      | Reached XP level 1. HP: 16/16 MP: 1/1
   100 | D:1      | Gained mutation: You have large cloven feet. [demonic ancestry]
   100 | D:1      | Reached XP level 2. HP: 20/22 MP: 2/2
   727 | D:2      | Gained mutation: You have hoof-like feet. [demonic ancestry]
   727 | D:2      | Reached XP level 3. HP: 17/27 MP: 3/3
   782 | D:$      | Got out of the dungeon alive.

Vault maps used:
D:1:      tarquinn_simple_flora_water_e, minmay_strange_pillars,
          minmay_split_cup_small
D:2:      lemuel_doored_altar, first_bread, mrwooster_statue_mirror,
          minmay_octomino_e4

Skill      XL: |  1  2 |
---------------+-------+-----
Long Blades    | 3 |  3.4
Dodging        | 3 |  3.0
Throwing       | 2 |  2.0
Fighting       | |  2.2

Action                   || total
-------------------------++-------
Melee: Long sword        ||    56
       Kick              ||    18
Armor: Leather armour    ||    10
       Scale mail        ||    10
Dodge: Dodged            ||    39
       Rpst.: Long sword ||    16
